 Dungeon Crawl Stone Soup version 0.24.0-28-g17ded55e90 (webtiles) character file.

Game seed: 1162291728502186903, levelgen mode: deterministic

189 KarmaPolice the Sneak (level 5, 0/28 HPs)
             Began as a Vine Stalker Assassin on Nov 11, 2019.
             Slain by a hippogriff (5 damage)
             ... on level 4 of the Dungeon.
             The game lasted 00:07:33 (2349 turns).

KarmaPolice the Sneak (Vine Stalker Assassin)       Turns: 2349, Time: 00:07:34

Health: 0/28       AC:  4    Str: 14    XL:     5   Next: 68%
Magic:  0/6        EV: 11    Int: 11    God:
Gold:   218        SH:  0    Dex: 16    Spells: 4/4 levels left

rFire    . . .     SeeInvis .   a - +2 dagger
rCold    . . .     Gourm    .   (no shield)
rNeg     . . .     Faith    .   b - +0 robe
rPois    .         Spirit   +   n - +0 helmet
rElec    .         Reflect  .   c - +0 cloak
rCorr    .         Harm     .   (no gloves)
MR       .....                  (no boots)
Stlth    +++.......             (no amulet)
HPRegen  0.49/turn              (no ring)
MPRegen  0.10/turn              (no ring)

@: no status effects
A: fangs 2, regeneration 1, magic shield, antimagic bite, no potion heal 3, rot
immunity
a: no special abilities


You were on level 4 of the Dungeon.
You were not hungry.

You visited 1 branch of the dungeon, and saw 4 of its levels.

You collected 218 gold pieces.

Inventory:

Hand Weapons
 a - a +2 dagger (weapon)
Missiles
 d - a poisoned dart (quivered)
 e - 2 curare-tipped darts
 q - 4 boomerangs
Armour
 b - a +0 robe (worn)
 c - a +0 cloak (worn)
 g - a +3 ring mail
 l - a cursed +0 ring mail
 n - a +0 helmet (worn)
Jewellery
 j - an uncursed amulet of the acrobat {unknown}
 r - an uncursed amulet of magic regeneration {unknown}
Wands
 u - a wand of enslavement (4)
Scrolls
 i - 9 scrolls of identify
 k - 2 scrolls of remove curse
 s - a scroll of blinking {unknown}
 t - a scroll of noise {unknown}
 v - a scroll of enchant weapon {unknown}
Potions
 h - a potion of lignification {unknown}
 m - a potion of agility {unknown}
 o - a potion of degeneration {unknown}
Comestibles
 f - 5 rations


   Skills:
 + Level 3.1 Fighting
 - Level 1.7 Short Blades
 - Level 3.0 Throwing
 + Level 1.0 Armour
 - Level 0.7 Dodging
 + Level 6.2 Stealth
 + Level 0.4 Evocations


You had 4 spell levels left.
You didn't know any spells.
Your spell library was empty.

Dungeon Overview and Level Annotations

Branches:
Dungeon (4/15)
 Temple: D:4-7

Altars:
Cheibriados
Fedhas
Qazlal


Innate Abilities, Weirdness & Mutations

You have extremely sharp teeth.
Your natural rate of healing is unusually fast.
When hurt, damage is shared between your health and your magic reserves.
Your bite disrupts and absorbs the magic of your enemies.
Potions cannot restore your health.
You are immune to rotting.


Message History

The poisoned dart closely misses the hippogriff.
Throwing (i - inventory. (/) - cycle)
d - 3 poisoned darts (quivered)
Press: ? - help, Shift-Dir - straight line, f/p - hippogriff
Aim: a hippogriff (almost dead)
You throw a poisoned dart. The poisoned dart hits the hippogriff!
The hippogriff is poisoned.
The hippogriff is almost dead.
The hippogriff bites you! The hippogriff pecks you. The hippogriff claws you.
Throwing (i - inventory. (/) - cycle)
d - 2 poisoned darts (quivered)
Press: ? - help, Shift-Dir - straight line, f/p - hippogriff
Aim: a hippogriff (almost dead, poisoned)
You throw a poisoned dart. The poisoned dart hits the hippogriff.
The hippogriff looks even sicker.
The hippogriff is almost dead.
The hippogriff barely misses you. The hippogriff pecks you.
The hippogriff claws you!
* * * LOW HITPOINT WARNING * * *
You see here a poisoned dart.
The hippogriff bites you.
You die...

##.# ##.#.#
##....#
##...$.###
......... .....#
########....#
#..(...@H(..#
#.#######..##
#.#######(.#####
#(...(.......^...
#########..###.##
#..# #.... #.....
#.####.#


You could see a hippogriff.

Vanquished Creatures
  An orc wizard (D:3)
  A centaur skeleton (D:3)
  4 adders
  2 dart slugs (D:1)
  6 leopard geckos
  17 orcs
  5 bats
  3 giant cockroaches (D:1)
  2 goblins (D:1)
  6 hobgoblins
  5 jackals (D:1)
  4 kobolds
  2 quokkas
  A ball python (D:1)
  2 frilled lizards
  8 rats
69 creatures vanquished.

Notes
Turn   | Place    | Note
-------+----------+-------------------------------------------
     0 | D:1      | KarmaPolice the Vine Stalker Assassin began the quest for
                  | the Orb.
     0 | D:1      | Reached XP level 1. HP: 11/11 MP: 2/2
   206 | D:1      | Reached skill level 5 in Stealth
   214 | D:1      | Reached XP level 2. HP: 15/15 MP: 1/3
   492 | D:1      | Reached XP level 3. HP: 18/18 MP: 4/4
  1009 | D:2      | Found a blossoming altar of Fedhas.
  1091 | D:2      | Gained mutation: Your natural rate of healing is unusually
                  | fast. [Vine Stalker growth]
  1091 | D:2      | Reached XP level 4. HP: 23/23 MP: 5/5
  1230 | D:2      | Found a snail-covered altar of Cheibriados.
  1230 | D:2      | Found a stormy altar of Qazlal.
  1581 | D:3      | Reached XP level 5. HP: 17/28 MP: 4/6
  1593 | D:3      | Reached skill level 6 in Stealth
  1858 | D:3      | Reached skill level 1 in Armour
  2321 | D:4      | Noticed a hippogriff
  2349 | D:4      | Slain by a hippogriff

Levels and vault maps discovered:
D:1:      dpeg_arrival_rhombi, layout_basic, minmay_misc_feat_iff
D:2:      layout_loops_cross, chequers_temple_overflow_statue_of_worship,
          fedhas_ov_isle_minmay
D:3:      layout_rooms
D:4:      layout_loops_ring, kennysheep_mini_moat,
          lemuel_zombie_altar_yredelemnul, uniq_grinder, uniq_sigmund

Skill      XL: |  1  2  3  4  5 |
---------------+----------------+-----
Stealth        | 5 6 |  6.2
Fighting       | 2 3 |  3.1
Throwing       | 2 3 |  3.0
Armour         | 1 |  1.0
Short Blades   | |  1.7
Dodging        | |  0.7
Evocations     | |  0.4

Action                   |  1- 3 |  4- 6 || total
-------------------------+-------+-------++-------
Melee: Dagger            |    78 |   132 ||   210
       Bite              |     9 |    42 ||    51
Throw: Dart              |     1 |    13 ||    14
  Use: Scroll            |       |     1 ||     1
 Stab: Sleeping          |    16 |     3 ||    19
  Eat: Chunk             |     1 |     4 ||     5
Armor: Robe              |    17 |    24 ||    41
Dodge: Dodged            |    44 |    77 ||   121
